 Dungeon Crawl Stone Soup version 0.28-a0-1510-gd0f6b136d3 (webtiles) character file.

Game seed: 1469557330269977467

224 shadowrider38 the Conjurer (level 5, -1/41 HPs)
             Began as a Draconian Conjurer on Jan 15, 2022.
             Slain by Duvessa (12 damage)
             ... on level 3 of the Dungeon.
             The game lasted 00:08:01 (4653 turns).

shadowrider38 the Conjurer (Draconian Conjurer)     Turns: 4653, Time: 00:08:02

Health: -1/41      AC:  5    Str:  9    XL:     5   Next: 67%
Magic:  11/11      EV: 12    Int: 26    God:
Gold:   149        SH:  0    Dex: 10    Spells: 11/12 levels left

rFire   . . .      SeeInvis .   a - +2 dagger (venom)
rCold   . . .      Faith    .   (no shield)
rNeg    . . .      Spirit   .   (armour unavailable)
rPois   .          Reflect  .   (helmet restricted)
rElec   .          Harm     .   (no cloak)
rCorr   .          Rampage  .   (no gloves)
Will    .....                   (no boots)
Stlth   ++........              (no amulet)
HPRegen 0.13/turn               g - +6 ring of intelligence
MPRegen 0.12/turn               (no ring)

@: no status effects
A: AC +5, unfitting armour, cold-blooded
a: no special abilities


You were on level 3 of the Dungeon.
You visited 1 branch of the dungeon, and saw 4 of its levels.

You collected 149 gold pieces.

Inventory:

Hand Weapons
 a - a +2 dagger of venom (weapon)
Missiles
 b - 71 stones
 e - 4 poisoned darts
Armour
 f - a +0 buckler
Jewellery
 g - a +6 ring of intelligence (left hand)
Wands
 o - a wand of acid (8)
Scrolls
 d - a scroll of identify {unknown}
 i - a scroll of blinking {unknown}
 k - a scroll of enchant armour {unknown}
 p - a scroll of immolation {unknown}
Potions
 c - a potion of curing {unknown}
 h - a potion of attraction {unknown}
 j - a potion of cancellation {unknown}
 l - a potion of brilliance {unknown}
 m - a potion of flight {unknown}
 n - a potion of mutation {unknown}
 q - a potion of lignification {unknown}


   Skills:
 - Level 2.0 Fighting
 - Level 2.0 Dodging
 - Level 2.0 Stealth
 - Level 4.0 Spellcasting
 + Level 5.2 Conjurations


You had 11 spell levels left.
You knew the following spells:

 Your Spells              Type           Power      Damage    Failure   Level
a - Magic Dart            Conj           100%       1d8       1%          1

Your spell library contained the following spells:

 Spells                   Type           Power      Damage    Failure   Level
 Searing Ray              Conj           64%        2d6       1%          2
 Freeze                   Ice            20%        1d4       9%          1
 Sandblast                Erth           10%        2d5       9%          1
 Summon Small Mammal      Summ           20%        N/A       9%          1
 Dazzling Flash           Conj/Hex       36%        N/A       9%          3
 Stone Arrow              Conj/Erth      36%        3d9       9%          3
 Passwall                 Tmut/Erth      4%         N/A       13%         2
 Call Canine Familiar     Summ           5%         N/A       26%         3
 Frozen Ramparts          Ice            10%        1d3       26%         3
 Summon Guardian Golem    Hex/Summ       5%         N/A       26%         3
 Fulminant Prism          Conj/Hex       9%         3d7       28%         4
 Hailstorm                Conj/Ice       18%        3d6       28%         4
 Iskenderun's Mystic Bla  Conj/Tloc      18%        2d6       28%         4


Dungeon Overview and Level Annotations

Branches:
Dungeon (4/15)
 Temple: D:4-7

Altars:

Shops:
D:2 (   D:4 =

Annotations:
D:3 1 runed translucent door, Crazy Yiuf, Duvessa


Innate Abilities, Weirdness & Mutations

Your plain brown scales are hard. (AC +5)
You cannot fit into any form of body armour.
You are cold-blooded and may be slowed by cold attacks.


Message History

Level annotation: 1 runed translucent door, Crazy Yiuf
There is a stone staircase leading down here.
You start resting.
Your magical contamination has completely faded away.
You start resting.
Magic restored.
There is an escape hatch in the floor here.
There is an open door here.
There is a stone staircase leading down here.
You climb downwards.
Level annotation: Duvessa Duvessa barely misses you.
Duvessa hits you with a +0 short sword.
There is a stone staircase leading up here.
Duvessa barely misses you. Duvessa hits you with a +0 short sword!
You climb upwards.
Level annotation: 1 runed translucent door, Crazy Yiuf
There is a stone staircase leading down here.
Unknown command.
Unknown command.
Aiming: Corrosive Bolt
Press: ? - help, Shift-Dir - straight line, f - Duvessa
Aim: Duvessa, wielding a +0 short sword and wearing a +0 leather armour (berserk, 75% to hit)
The bolt of acid hits Duvessa!
The acid corrodes Duvessa!
Duvessa is moderately wounded.
Duvessa barely misses you.
Aiming: Corrosive Bolt
Press: ? - help, Shift-Dir - straight line, f/p - Duvessa
Aim: Duvessa, wielding a +0 short sword and wearing a +0 leather armour (moderately wounded, berserk, covered in acid, 75% to hit)
The bolt of acid hits Duvessa!
Duvessa is heavily wounded.
Duvessa hits you with a +0 short sword!
* * * LOW HITPOINT WARNING * * *
Duvessa barely misses you.
Okay, then.
Aiming: Corrosive Bolt
Press: ? - help, Shift-Dir - straight line, f/p - Duvessa
Aim: Duvessa, wielding a +0 short sword and wearing a +0 leather armour (heavily wounded, berserk, covered in acid, 75% to hit)
The bolt of acid hits Duvessa!
Duvessa is severely wounded.
Duvessa hits you with a +0 short sword!
You die...

........≈≈.##.......# #.# #.#
........≈..###.#.#### #.# #.#
..........## #.#.# #.####.##
..........# #...# #.......#
..........#####.)########.......#
..........##....................#
###.......##....................#
# #.......##...e................#
# #.......######@#.......#......#
# #..............'.......#####...
# #.############.#.......#####.##
# ### #.#...............
#.#.###########.#.
#####.#############.#.
♣♣###...................#. .#♣♣
♣♣..)..###################.
.+.♣♣♣♣..)...# #...


You could see Duvessa (berserk, corroded).

Vanquished Creatures
  Dowan (D:4)
  An orc priest (D:3)
  An iguana (D:4)
  4 adders
  A worm (D:3)
  2 dart slugs (D:2)
  5 orcs (D:3)
  6 endoplasms
  6 giant cockroaches
  8 hobgoblins
  6 jackals
  5 kobolds
  2 quokkas (D:2)
  5 ball pythons
  4 bats
  4 frilled lizards (D:1)
  10 goblins
  5 rats
76 creatures vanquished.

Notes
Turn   | Place    | Note
-------+----------+-------------------------------------------
     0 | D:1      | shadowrider38 the Draconian Conjurer began the quest for
                  | the Orb.
     0 | D:1      | Reached XP level 1. HP: 14/14 MP: 3/3
   313 | D:1      | Reached skill level 1 in Fighting
   338 | D:1      | Reached XP level 2. HP: 23/23 MP: 3/5
  1133 | D:1      | Reached XP level 3. HP: 29/29 MP: 3/6
  1867 | D:2      | Found Maeduz's Antique Weapon Shoppe.
  2164 | D:2      | Reached XP level 4. HP: 32/36 MP: 0/9
  3211 | D:3      | Found a runed translucent door.
  3212 | D:3      | Noticed Crazy Yiuf
  3450 | D:3      | Reached XP level 5. HP: 37/41 MP: 8/11
  4058 | D:4      | Noticed Duvessa
  4058 | D:4      | Noticed Dowan
  4214 | D:4      | Killed Dowan
  4215 | D:4      | Reached skill level 5 in Conjurations
  4292 | D:4      | Found Wakkou's Jewellery Shop.
  4576 | D:4      | Noticed a centaur
  4653 | D:3      | Slain by Duvessa

Illustrated notes

Levels and vault maps discovered:
D:1:      minmay_arrival_five_plusses, layout_basic
D:2:      layout_basic, serial_shops, shop
D:3:      layout_basic, serial_rivers, chequers_serial_rivers_large_a,
          chequers_serial_rivers_micro_a, chequers_serial_rivers_room_a,
          chequers_serial_rivers_micro_a, chequers_serial_rivers_small_b,
          grunt_ministairs_1, minmay_mini_jars, uniq_crazy_yiuf_cottage
D:4:      layout_rooms, serial_shops, shop_statue, uniq_duvessa

Skill      XL: |  1  2  3  4  5 |
---------------+----------------+-----
Stealth        | 2 |  2.0
Dodging        | 2 |  2.0
Fighting       | 1 2 |  2.0
Spellcasting   | 3 4 |  4.0
Conjurations   | 5 |  5.2

Action                   |  1- 3 |  4- 6 || total
-------------------------+-------+-------++-------
Melee: Short sword       |    31 |       ||    31
       Unarmed           |     3 |       ||     3
       Tailslap          |     2 |    10 ||    12
       Dagger            |       |    55 ||    55
       Punch             |       |     1 ||     1
 Cast: Magic Dart        |   100 |    45 ||   145
Evoke: Wand              |       |     3 ||     3
Armor: Skin              |    19 |    15 ||    34
Dodge: Dodged            |    30 |    54 ||    84

Table legend: (Time is in decaauts)
 A = Elapsed time spent in this place.
 B = Non-inter-level travel time spent in this place.
 C = Inter-level travel time spent in this place.
 D = Time resting spent in this place.
 E = Time spent auto-exploring this place.
 F = Levels seen in this place.
 G = Mean time per level.
                   A        B        C        D        E       F      G
               +--------+--------+--------+--------+--------+-----+--------+
         Total |   4672 |   4396 |    276 |   1777 |   2046 |   4 | 1168.0 |
       Dungeon |   4672 |   4396 |    276 |   1777 |   2046 |   4 | 1168.0 |
               +--------+--------+--------+--------+--------+-----+--------+

Top non-repeatable levels by time:
     D:3: 1781 daAuts
     D:1: 1441 daAuts
     D:2: 1125 daAuts
     D:4: 324 daAuts
